 Dungeon Crawl Stone Soup version 0.27.1-34-g3ba077fa99 (webtiles) character file.

Game seed: 6014248074001238225

5 Ijustatesigmund the Skirmisher (level 1, 0/14 HPs)
             Began as a Gargoyle Fighter on Feb 3, 2022.
             Slain by a frilled lizard (3 damage)
             ... on level 1 of the Dungeon.
             The game lasted 00:00:17 (135 turns).

Ijustatesigmund the Skirmisher (Gargoyle Fighter)    Turns: 135, Time: 00:00:17

Health: 0/14       AC:  9    Str: 19    XL:     1   Next: 80%
Magic:  1/1        EV:  7    Int:  8    God:
Gold:   23         SH:  9    Dex:  9    Spells: 0/0 levels left

rFire    . . .     SeeInvis .   a - +0 flail
rCold    . . .     Faith    .   c - +0 kite shield
rNeg     + . .     Spirit   .   b - +0 scale mail
rPois    ∞         Reflect  .   (no helmet)
rElec    +         Harm     .   (no cloak)
rCorr    .         Rampage  .   (no gloves)
Will     .....                  (no boots)
Stlth    ..........             (no amulet)
HPRegen  0.04/turn              (no ring)
MPRegen  0.07/turn              (no ring)

@: no status effects
A: sickness immunity, AC +2, negative energy resistance 1, electricity
resistance, torment resistance 1, petrification resistance
a: no special abilities


You were on level 1 of the Dungeon.
You visited 1 branch of the dungeon, and saw 1 of its levels.

You collected 23 gold pieces.

Inventory:

Hand Weapons
 a - a +0 flail (weapon)
Armour
 b - a +0 scale mail (worn)
 c - a +0 kite shield (worn)
Scrolls
 e - a scroll of teleportation {unknown}
Potions
 d - a potion of might


   Skills:
 + Level 3.4 Fighting
 * Level 2.3 Maces & Flails
 - Level 3.2 Armour
 - Level 3.2 Shields


You couldn't memorise any spells.
You didn't know any spells.
Your spell library was empty.

Dungeon Overview and Level Annotations

Branches:
Dungeon (1/15)

Altars:


Innate Abilities, Weirdness & Mutations

You are immune to sickness and miasma.
Your stone body is resilient. (AC +2)
You are immune to poison.
You resist negative energy. (rN+)
You are resistant to electric shocks. (rElec)
You are resistant to unholy torment.
You are immune to petrification.


Message History

Your shield prevents you from hitting the kobold.
The frilled lizard closely misses you. The kobold barely misses you.
You closely miss the kobold. The frilled lizard bites you.
You block the kobold's attack.
The frilled lizard unfolds its giant frill.
The frilled lizard bites you but does no damage.
You are too injured to fight recklessly!
You are too injured to fight recklessly!
You are too injured to fight recklessly!
You are too injured to fight recklessly!
You are too injured to fight recklessly!
You are too injured to fight recklessly!
You are too injured to fight recklessly!
You are too injured to fight recklessly!
You are too injured to fight recklessly!
You are too injured to fight recklessly!
You are too injured to fight recklessly!
You are too injured to fight recklessly!
You are too injured to fight recklessly!
You are too injured to fight recklessly!
You are too injured to fight recklessly!
You are too injured to fight recklessly!
You are too injured to fight recklessly!
You are too injured to fight recklessly!
The kobold hits you with a +0 whip.
* * * LOW HITPOINT WARNING * * *
The frilled lizard bites the plant.
The plant begins to die.
You barely miss the kobold.
A nearby plant withers and dies.
You block the kobold's attack.
You closely miss the kobold. The kobold hits you but does no damage.
The kobold closely misses you.
You closely miss the kobold. The kobold barely misses you.
The kobold hits you but does no damage.
You barely miss the kobold. You block the kobold's attack.
You hit the kobold.
You kill the kobold!
The frilled lizard unfolds its giant frill.
You block the frilled lizard's attack.
You closely miss the frilled lizard. The frilled lizard bites you.
You die...

##.##################
....#.............#
.........†........#
..>.#.#...........#
....#.............#
....########..###########
....+...................#
....##################.##
..... ...P....l@.# #.#
..### ...≈≈...##.# #.#
#≈.≈≈≈†.##.####.#
P≈≈≈≈≈≈P##......#
.P≈≈≈≈≈P.########
.≈.≈≈.≈... .≈≈≈≈≈≈..##
..≈≈≈≈≈♣## .≈≈≈≈≈.


You could see a frilled lizard.

Vanquished Creatures
  A dart slug (D:1)
  A kobold (D:1)
  2 rats (D:1)
4 creatures vanquished.

Vanquished Creatures (others)
  A plant (D:1)
1 creature vanquished.

Grand Total: 5 creatures vanquished

Notes
Turn   | Place    | Note
-------+----------+-------------------------------------------
     0 | D:1      | Ijustatesigmund the Gargoyle Fighter began the quest for
                  | the Orb.
     0 | D:1      | Reached XP level 1. HP: 14/14 MP: 1/1
   135 | D:1      | Slain by a frilled lizard

Illustrated notes

Levels and vault maps discovered:
D:1:      dpeg_arrival_boxorama, layout_basic, chequers_serial_rivers_marsh,
          minivault_26, chequers_serial_rivers_micro_c, minmay_misc_feat_iff,
          minmay_misc_feat_enclosed, minivault_26, interstate_on_off,
          serial_bayou_pond_b

Action                   || total
-------------------------++-------
Melee: Flail             ||    21
Armor: Scale mail        ||    10
Dodge: Dodged            ||    11
Block: Kite shield       ||    13
